[Event "Danish Skakligaen 2024-25"]
[Site "Denmark"]
[Date "2024.11.02"]
[Round "1.6"]
[White "Sobjerg, Erik"]
[Black "Simonsen, Carsten"]
[Result "1/2-1/2"]
[ECO "B95"]
[WhiteElo "2266"]
[BlackElo "2168"]
[Annotator "RC"]
[PlyCount "138"]
[EventDate "2024.11.02"]
[EventType "team-tourn"]
[EventCountry "DEN"]
[SourceTitle "playchess.com"]
[Source "ChessBase"]
[SourceQuality "1"]
[TimeControl "40/5400+30:1800+30"]

1. e4 c5 2. Nf3 d6 3. d4 cxd4 4. Nxd4 Nf6 5. Nc3 a6 6. Bg5 e6 7. Qf3 Nbd7 8. Be2 Qa5 9. Bd2 Qc7 10. g4 Ne5 11. Qh3 Nc4 12. g5 Nxd2 13. gxf6 Nc4 14. O-O-O gxf6 15. f4 Nb6 16. f5 e5 17. Nb3 Bd7 18. Bh5 a5 19. Rd3 a4 20. Nd2 Rc8 21. Kb1 a3 22. b3 Be7 23. Rc1 Qc5 24. Qg3 Rf8 25. Nf1 Qb4 26. Qe1 Rg8 27. Ne3 Bc6 28. Bf3 Qc5 29. Qh4 Bb5 30. Nxb5 Qxb5 31. Qxh7 Rf8 32. Qh6 Qb4 33. c3 Qb5 34. Rcd1 Na4 35. Nd5 Nb2 36. c4 Qc5 37. Qd2 Nxd3 38. Qxd3 Rg8 39. Be2 Rg1 40. b4 Rxd1+ 41. Qxd1 Qc6 42. Qg1 Kd8 43. Qa7 Qa6 44. Qe3 Ra8 45. h4 Qa7 46. Nb6 Ke8 47. c5 dxc5 48. Bb5+ Kf8 49. Nxa8 Qxa8 50. Qh6+ Kg8 51. Bc4 Qf8 52. Qg6+ Qg7 53. Qxg7+ Kxg7 54. b5 Bd8 55. Bd5 b6 56. Kc2 c4 57. Kc3 Be7 58. Bxc4 Bc5 59. Bb3 Be3 60. Kb4 Bc5+ 61. Kc4 Be3 62. Kd5 Bf2 63. Kc6 Be3 64. Kd7 Bf2 65. h5 Be3 66. Ke8 Kh6 67. Kxf7 Bg5 68. Bd1 Bh4 69. Ke7 Bg5 1/2-1/2

[Event "Danish Skakligaen 2024-25"]
[Site "Denmark"]
[Date "2024.11.02"]
[Round "1.6"]
[White "Pedersen, Henrik Dahl"]
[Black "Boe, Mads"]
[Result "1/2-1/2"]
[ECO "A85"]
[WhiteElo "2251"]
[BlackElo "2271"]
[Annotator "RC"]
[PlyCount "26"]
[EventDate "2024.11.02"]
[EventType "team-tourn"]
[EventCountry "DEN"]
[SourceTitle "playchess.com"]
[Source "ChessBase"]
[SourceQuality "1"]
[TimeControl "40/5400+30:1800+30"]

1. d4 f5 2. c4 Nf6 3. Nc3 e6 4. Nf3 Be7 5. Bg5 O-O 6. e3 d6 7. Be2 Nc6 8. a3 Qe8 9. Qc2 e5 10. Nd5 e4 11. Bxf6 Bxf6 12. Nd2 Bd8 13. h4 Ne7 1/2-1/2

[Event "Danish Skakligaen 2024-25"]
[Site "Denmark"]
[Date "2024.11.02"]
[Round "1.6"]
[White "Andreasen, Joan Hendrik"]
[Black "Liu, Casper"]
[Result "0-1"]
[ECO "A57"]
[WhiteElo "2189"]
[BlackElo "2225"]
[Annotator "RC"]
[PlyCount "52"]
[EventDate "2024.11.02"]
[EventType "team-tourn"]
[EventCountry "DEN"]
[SourceTitle "playchess.com"]
[Source "ChessBase"]
[SourceQuality "1"]
[TimeControl "40/5400+30:1800+30"]

1. d4 Nf6 2. c4 c5 3. d5 b5 4. Qc2 b4 5. e4 d6 6. b3 g6 7. Bb2 Bg7 8. g3 O-O 9. Bg2 a5 10. Nd2 Nbd7 11. Ngf3 a4 12. bxa4 Nb6 13. a3 Nxa4 14. axb4 Bd7 15. Rb1 cxb4 16. O-O Qc7 17. Bd4 Rfb8 18. Rfe1 Nc3 19. Rb2 Ra3 20. c5 Ba4 21. Qc1 Ng4 22. Bxg7 Kxg7 23. Nc4 Qxc5 24. Nxa3 bxa3 25. Rc2 Bxc2 26. Qxc2 Rb2 0-1

[Event "Danish Skakligaen 2024-25"]
[Site "Denmark"]
[Date "2024.11.02"]
[Round "1.6"]
[White "Bank Friis, Carsten"]
[Black "Jakobsen, Peter"]
[Result "1-0"]
[ECO "D03"]
[WhiteElo "2163"]
[BlackElo "2215"]
[Annotator "RC"]
[PlyCount "61"]
[EventDate "2024.11.02"]
[EventType "team-tourn"]
[EventCountry "DEN"]
[SourceTitle "playchess.com"]
[Source "ChessBase"]
[SourceQuality "1"]
[TimeControl "40/5400+30:1800+30"]

1. c3 d5 2. d4 Nf6 3. Nf3 e6 4. Bg5 Be7 5. Nbd2 Nbd7 6. e3 c5 7. Bd3 b6 8. O-O Bb7 9. Qe2 Ne4 10. Bxe7 Qxe7 11. Bb5 Nxd2 12. Nxd2 O-O 13. Rae1 Nf6 14. f4 a6 15. Bd3 b5 16. dxc5 Qxc5 17. a3 Rab8 18. Nb3 Qb6 19. Nd4 Rbe8 20. Rf3 Ne4 21. Rh3 g6 22. Qg4 Qd8 23. Rh6 Qf6 24. Nf3 Qg7 25. Qh3 f6 26. g4 Nc5 27. Bc2 e5 28. fxe5 fxe5 29. Ng5 Qf6 30. Qh4 Ne6 31. Rxg6+ 1-0

[Event "Danish Skakligaen 2024-25"]
[Site "Denmark"]
[Date "2024.11.02"]
[Round "1.6"]
[White "Rewitz, Jan"]
[Black "Borge, Nikolaj"]
[Result "0-1"]
[ECO "D24"]
[WhiteElo "2071"]
[BlackElo "2353"]
[Annotator "RC"]
[PlyCount "28"]
[EventDate "2024.11.02"]
[EventType "team-tourn"]
[EventCountry "DEN"]
[SourceTitle "playchess.com"]
[Source "ChessBase"]
[SourceQuality "1"]
[TimeControl "40/5400+30:1800+30"]

1. d4 d5 2. Nf3 Nf6 3. c4 dxc4 4. Nc3 a6 5. a4 Nc6 6. e3 Na5 7. Ne5 Be6 8. g4 Nd7 9. f4 f6 10. d5 fxe5 11. dxe6 Nc5 12. Qxd8+ Rxd8 13. f5 e4 14. Bd2 Rxd2 0-1

[Event "Danish Skakligaen 2024-25"]
[Site "Denmark"]
[Date "2024.11.02"]
[Round "1.7"]
[White "Ostergaard, Jens"]
[Black "Holm, Filip"]
[Result "1/2-1/2"]
[ECO "E91"]
[WhiteElo "2268"]
[BlackElo "1993"]
[Annotator "RC"]
[PlyCount "63"]
[EventDate "2024.11.02"]
[EventType "team-tourn"]
[EventCountry "DEN"]
[SourceTitle "playchess.com"]
[Source "ChessBase"]
[SourceQuality "1"]
[TimeControl "40/5400+30:1800+30"]

1. d4 g6 2. c4 Bg7 3. Nf3 Nf6 4. Nc3 d6 5. e4 O-O 6. Be2 Bg4 7. O-O Nbd7 8. Be3 Re8 9. h3 Bxf3 10. Bxf3 e5 11. d5 Nb6 12. Be2 Nfd7 13. b4 Qe7 14. Nb5 Rec8 15. c5 a6 16. cxb6 axb5 17. bxc7 Rxc7 18. Bxb5 f5 19. f3 Nf6 20. Bd3 Rc3 21. a4 Nxd5 22. Bc4 Rxc4 23. Qxd5+ Qf7 24. Qxd6 Bf8 25. Qd5 Rxb4 26. a5 Qxd5 27. exd5 Rb5 28. Bb6 Bc5+ 29. Bxc5 Rxc5 30. Rab1 Rxd5 31. Rxb7 Rdxa5 32. Re1 1/2-1/2

[Event "Danish Skakligaen 2024-25"]
[Site "Denmark"]
[Date "2024.11.02"]
[Round "1.7"]
[White "Brondt, Nicolai Kvist"]
[Black "Nord, Alexander"]
[Result "1/2-1/2"]
[ECO "A20"]
[WhiteElo "2223"]
[BlackElo "2222"]
[Annotator "RC"]
[PlyCount "85"]
[EventDate "2024.11.02"]
[EventType "team-tourn"]
[EventCountry "DEN"]
[SourceTitle "playchess.com"]
[Source "ChessBase"]
[SourceQuality "1"]
[TimeControl "40/5400+30:1800+30"]

1. c4 e5 2. g3 Nf6 3. Bg2 d5 4. cxd5 Nxd5 5. Nf3 Nc6 6. O-O Nf6 7. Nc3 h6 8. d3 Bd6 9. Nd2 O-O 10. Nde4 Bg4 11. Be3 Nd4 12. Re1 c6 13. Rb1 Nxe4 14. Nxe4 Bb4 15. Bd2 Bxd2 16. Qxd2 Qe7 17. b4 f5 18. Nc3 a6 19. h3 Bh5 20. Kh2 f4 21. Ne4 f3 22. e3 fxg2 23. exd4 exd4 24. f4 Qc7 25. Qxg2 Bf7 26. Rb2 b5 27. Qf2 a5 28. a3 axb4 29. axb4 Ra3 30. Nc5 Qd6 31. Rbe2 Rfa8 32. Qf3 Bd5 33. Qh5 Ra2 34. Kg1 Rxe2 35. Rxe2 Kh7 36. Kf2 Ra1 37. Qe5 Qg6 38. Ne4 Rd1 39. f5 Qh5 40. Qf4 Bxe4 41. Qxe4 Kg8 42. g4 Qg5 43. Qxd4 1/2-1/2

[Event "Danish Skakligaen 2024-25"]
[Site "Denmark"]
[Date "2024.11.02"]
[Round "1.7"]
[White "Nielsen, Lars Aaes"]
[Black "Guindy, Esmat Susanne"]
[Result "0-1"]
[ECO "C11"]
[WhiteElo "2208"]
[BlackElo "2020"]
[Annotator "RC"]
[PlyCount "124"]
[EventDate "2024.11.02"]
[EventType "team-tourn"]
[EventCountry "DEN"]
[SourceTitle "playchess.com"]
[Source "ChessBase"]
[SourceQuality "1"]
[TimeControl "40/5400+30:1800+30"]

1. e4 e6 2. d4 d5 3. Nc3 Nf6 4. Bg5 dxe4 5. Nxe4 Nbd7 6. Qd3 Be7 7. Bxf6 Nxf6 8. O-O-O c6 9. f4 b6 10. Nf3 Bb7 11. Nxf6+ Bxf6 12. Qe3 Qd5 13. c4 Qa5 14. a3 O-O-O 15. b4 Qa4 16. Be2 a5 17. bxa5 Qxa5 18. Ne5 Rhf8 19. Bf3 Qa4 20. Qc3 c5 21. dxc5 bxc5 22. Rxd8+ Rxd8 23. Rd1 Bxf3 24. Rxd8+ Kxd8 25. gxf3 Ke7 26. Kb2 g5 27. fxg5 Bxg5 28. h3 Bf6 29. f4 Qa8 30. Qd2 Qb8+ 31. Kc2 Bxe5 32. fxe5 Qxe5 33. Qd3 f5 34. a4 Qh2+ 35. Kc1 Qb8 36. a5 Qb4 37. a6 Qa4 38. Qc3 Qxa6 39. Qg7+ Kd6 40. Qf8+ Kc6 41. Qe8+ Kd6 42. Qf8+ Ke5 43. Qxc5+ Ke4 44. Kb2 f4 45. Kb3 Kd3 46. Qc7 f3 47. Qxh7+ Ke3 48. Qh6+ Ke2 49. Qh5 Qb6+ 50. Ka4 Qe3 51. c5 Qe4+ 52. Kb5 Ke1 53. Qg5 f2 54. Qc1+ Ke2 55. Qb2+ Kf3 56. Qc3+ Kg2 57. Qd2 Kg1 58. Qg5+ Kh1 59. Qf6 Qe2+ 60. Kb6 f1=Q 61. Qxf1+ Qxf1 62. c6 Qxh3 0-1

[Event "Danish Skakligaen 2024-25"]
[Site "Denmark"]
[Date "2024.11.02"]
[Round "1.7"]
[White "Haubro, Sigfred"]
[Black "Petersen, Steen"]
[Result "0-1"]
[ECO "D04"]
[WhiteElo "2124"]
[BlackElo "2128"]
[Annotator "RC"]
[PlyCount "96"]
[EventDate "2024.11.02"]
[EventType "team-tourn"]
[EventCountry "DEN"]
[SourceTitle "playchess.com"]
[Source "ChessBase"]
[SourceQuality "1"]
[TimeControl "40/5400+30:1800+30"]

1. Nf3 d5 2. d4 Nf6 3. e3 Bg4 4. Be2 e6 5. O-O Be7 6. c4 O-O 7. Nbd2 c5 8. b3 Nc6 9. Bb2 Rc8 10. Rc1 cxd4 11. Nxd4 Bxe2 12. Qxe2 Nxd4 13. exd4 Qa5 14. a3 Qa6 15. Qe3 dxc4 16. bxc4 Qb6 17. Rb1 Qc7 18. Qf3 Qc6 19. Qe2 Rfe8 20. Rfd1 Bd6 21. g3 h6 22. Qd3 Be7 23. Bc3 Nd7 24. Bb2 Red8 25. Qe2 Bf6 26. Rdc1 Nb6 27. Qe3 Qa4 28. c5 Nd5 29. Qd3 b6 30. Rc4 Qa6 31. Ne4 Be7 32. Qb3 f5 33. Ra4 Qe2 34. Nc3 Qf3 35. Rxa7 bxc5 36. Rxe7 Nxe7 37. Qxe6+ Kh8 38. d5 Ng8 39. Rd1 Rb8 40. Ba1 Rb3 41. Ne2 Rb7 42. Nc3 Re7 43. Qc6 Rde8 44. Rf1 Re1 45. Qa6 Nf6 46. d6 Ng4 47. d7 Qxf2+ 48. Kh1 Qxh2# 0-1

[Event "Danish Skakligaen 2024-25"]
[Site "Denmark"]
[Date "2024.11.02"]
[Round "1.7"]
[White "Kakulidis, Ellen"]
[Black "Pedersen, Finn"]
[Result "0-1"]
[ECO "D10"]
[WhiteElo "2031"]
[BlackElo "2273"]
[Annotator "RC"]
[PlyCount "148"]
[EventDate "2024.11.02"]
[EventType "team-tourn"]
[EventCountry "DEN"]
[SourceTitle "playchess.com"]
[Source "ChessBase"]
[SourceQuality "1"]
[TimeControl "40/5400+30:1800+30"]

1. d4 d5 2. c4 c6 3. cxd5 cxd5 4. Nc3 Nf6 5. Nf3 a6 6. Bf4 e6 7. e3 Nc6 8. Ne5 Nxe5 9. Bxe5 Bd6 10. Bxd6 Qxd6 11. Bd3 b5 12. O-O Bb7 13. Qe2 O-O 14. Nb1 e5 15. Nd2 exd4 16. exd4 Rfe8 17. Qf3 Re7 18. Nb3 Ne4 19. Rfc1 Rae8 20. a3 g6 21. h3 Kg7 22. Nc5 Bc8 23. b4 Nd2 24. Qg3 Qf6 25. Rd1 Qxd4 26. Rac1 Qb2 27. Qf4 Nc4 28. Bf1 Kg8 29. Rxd5 Ne3 30. fxe3 Qxc1 31. Kh2 Qxe3 32. Qf6 Re5 33. Rd8 Rf5 34. Ne6 Qxe6 35. Qxe6 Rxd8 36. Qe7 Rfd5 37. Be2 R5d7 38. Qf6 Bb7 39. Bf3 Bxf3 40. Qxf3 Rd3 41. Qf6 R8d6 42. Qa1 Re6 43. a4 bxa4 44. Qxa4 Rd5 45. Qc2 h5 46. Qc8+ Kg7 47. Qc3+ Kh7 48. Qc4 Rf5 49. g4 Rfe5 50. gxh5 Rxh5 51. Qf4 Kg8 52. Qd4 Rhe5 53. Qd8+ Re8 54. Qd6 R5e6 55. Qd5 Rb8 56. Qc4 Reb6 57. Kg3 Rb5 58. Qd3 a5 59. Qa3 Rg5+ 60. Kf4 Rf5+ 61. Kg3 Rxb4 62. Qc3 Rbf4 63. Qc8+ Kh7 64. h4 Rb4 65. Qc3 Rbb5 66. Qc4 Rbc5 67. Qd4 Rh5 68. Qf6 Rcf5 69. Qd4 g5 70. hxg5 Rhxg5+ 71. Kh3 Rg6 72. Kh4 Rf1 73. Qd5 Rh1+ 74. Qxh1 Rh6+ 0-1

[Event "Danish Skakligaen 2024-25"]
[Site "Denmark"]
[Date "2024.11.02"]
[Round "1.8"]
[White "Holmsgaard, Henrik"]
[Black "Wahlgreen, Noah Krug"]
[Result "0-1"]
[ECO "B10"]
[WhiteElo "2147"]
[BlackElo "2090"]
[Annotator "RC"]
[PlyCount "94"]
[EventDate "2024.11.02"]
[EventType "team-tourn"]
[EventCountry "DEN"]
[SourceTitle "playchess.com"]
[Source "ChessBase"]
[SourceQuality "1"]
[TimeControl "40/5400+30:1800+30"]

1. e4 c6 2. c4 d5 3. exd5 cxd5 4. cxd5 Nf6 5. Nc3 Nxd5 6. Nf3 Nc6 7. Bb5 e6 8. O-O Be7 9. d4 O-O 10. Re1 Bf6 11. Ne4 Qb6 12. Nxf6+ Nxf6 13. Bxc6 bxc6 14. b3 Bb7 15. Ba3 Rfd8 16. Bc5 Qc7 17. Ne5 Nd7 18. Be7 Re8 19. Bh4 f6 20. Nc4 c5 21. dxc5 Qc6 22. f3 Nxc5 23. Qd6 Rad8 24. Qxc6 Bxc6 25. Red1 Nd3 26. Na5 Ba8 27. Bf2 Rd7 28. Be3 e5 29. b4 e4 30. f4 Rc7 31. b5 Rb8 32. a4 Bd5 33. g3 Rbc8 34. Rab1 h5 35. Nb3 h4 36. a5 h3 37. Nd4 Kf7 38. b6 axb6 39. axb6 Rc4 40. Rb5 Bb7 41. Rh5 Rd8 42. Ne2 Rc2 43. Kf1 Bc8 44. Rd2 Rxd2 45. Bxd2 e3 46. Bxe3 Re8 47. Rb5 Bb7 0-1

[Event "Danish Skakligaen 2024-25"]
[Site "Denmark"]
[Date "2024.11.02"]
[Round "1.8"]
[White "Rendboe, John Filip"]
[Black "Skou, Niels"]
[Result "1/2-1/2"]
[ECO "D35"]
[WhiteElo "2145"]
[BlackElo "2054"]
[Annotator "RC"]
[PlyCount "58"]
[EventDate "2024.11.02"]
[EventType "team-tourn"]
[EventCountry "DEN"]
[SourceTitle "playchess.com"]
[Source "ChessBase"]
[SourceQuality "1"]
[TimeControl "40/5400+30:1800+30"]

1. d4 d5 2. c4 e6 3. cxd5 exd5 4. Nc3 Nf6 5. Bg5 Be7 6. e3 c6 7. Bd3 Nbd7 8. Qc2 h6 9. Bh4 Nh5 10. Bxe7 Qxe7 11. Nge2 Nb6 12. O-O O-O 13. a3 a5 14. Rab1 a4 15. b4 axb3 16. Qxb3 Nc4 17. Bxc4 Rxa3 18. Qb4 Qxb4 19. Rxb4 dxc4 20. Rxc4 Nf6 21. Rb4 Rd8 22. e4 b5 23. d5 c5 24. Rxb5 Ba6 25. Rxc5 Bxe2 26. Nxe2 Nxe4 27. Rb5 Ra2 28. Ng3 Nxg3 29. hxg3 Rd2 1/2-1/2

[Event "Danish Skakligaen 2024-25"]
[Site "Denmark"]
[Date "2024.11.02"]
[Round "1.8"]
[White "Henriksen, Kasper"]
[Black "Berg, Klaus"]
[Result "1-0"]
[ECO "D27"]
[WhiteElo "2102"]
[BlackElo "2265"]
[Annotator "RC"]
[PlyCount "79"]
[EventDate "2024.11.02"]
[EventType "team-tourn"]
[EventCountry "DEN"]
[SourceTitle "playchess.com"]
[Source "ChessBase"]
[SourceQuality "1"]
[TimeControl "40/5400+30:1800+30"]

1. d4 Nf6 2. Nf3 d5 3. c4 dxc4 4. e3 e6 5. Bxc4 c5 6. O-O a6 7. a4 Nc6 8. Qe2 Be7 9. Nc3 O-O 10. Rd1 Qc7 11. d5 exd5 12. Nxd5 Nxd5 13. Bxd5 Bf6 14. h3 Re8 15. e4 Be6 16. Qc4 Bxd5 17. exd5 Nd4 18. Nxd4 Bxd4 19. Ra3 Re4 20. Be3 Rae8 21. Qc2 Qd6 22. Rad3 Bxe3 23. Rxe3 Rxe3 24. fxe3 Rxe3 25. b4 c4 26. Qxc4 Re8 27. Qc5 Rd8 28. a5 g6 29. Qxd6 Rxd6 30. Kf2 Kf8 31. Ke3 Ke7 32. Kd4 Rf6 33. Kc5 Kd7 34. d6 Rf5+ 35. Rd5 Rf2 36. Kb6 Rf4 37. b5 axb5 38. Kxb7 b4 39. a6 b3 40. Rb5 1-0

[Event "Danish Skakligaen 2024-25"]
[Site "Denmark"]
[Date "2024.11.02"]
[Round "1.8"]
[White "Jakobsen, Niels Nybo"]
[Black "Noer, Martin Stampe"]
[Result "1-0"]
[ECO "A06"]
[WhiteElo "2043"]
[BlackElo "1902"]
[Annotator "RC"]
[PlyCount "125"]
[EventDate "2024.11.02"]
[EventType "team-tourn"]
[EventCountry "DEN"]
[SourceTitle "playchess.com"]
[Source "ChessBase"]
[SourceQuality "1"]
[TimeControl "40/5400+30:1800+30"]

1. Nf3 d5 2. g3 Nf6 3. Bg2 c5 4. O-O Nc6 5. d3 Bf5 6. Nbd2 e6 7. Nh4 Bg4 8. h3 Bh5 9. c4 Be7 10. cxd5 exd5 11. Nf5 O-O 12. Nf3 Re8 13. Nxe7+ Qxe7 14. g4 Bg6 15. Re1 Qd6 16. Bg5 h6 17. Bh4 Rad8 18. Bg3 Qe6 19. Rc1 b6 20. Qa4 Qd7 21. a3 Nd4 22. Qd1 Nxf3+ 23. Bxf3 Qb5 24. Qd2 Qa4 25. b4 Ne4 26. Qb2 Nxg3 27. fxg3 Qb5 28. Qc3 d4 29. Qd2 Re3 30. Kf2 Rc8 31. Rc4 Qe8 32. Rec1 Re5 33. Qf4 f6 34. bxc5 bxc5 35. Qxd4 cxd4 36. Rxc8 Qxc8 37. Rxc8+ Kf7 38. Rc7+ Re7 39. Bd5+ Kf8 40. Rc8+ Re8 41. Rc4 Rd8 42. Rxd4 Bf7 43. e4 Ke7 44. Ke3 Bxd5 45. Rxd5 Rb8 46. Ra5 Rb7 47. Kf4 Ke6 48. Ra6+ Kf7 49. d4 Rc7 50. e5 fxe5+ 51. Kxe5 Re7+ 52. Kd5 Rd7+ 53. Kc5 Re7 54. d5 Ke8 55. Kc6 Rf7 56. d6 Kd8 57. Ra5 Kc8 58. Rf5 Rf6 59. a4 Kd8 60. a5 Kc8 61. Rxf6 gxf6 62. d7+ Kd8 63. a6 1-0

[Event "Danish Skakligaen 2024-25"]
[Site "Denmark"]
[Date "2024.11.02"]
[Round "1.8"]
[White "Pedersen, Peer Ole"]
[Black "Jaksland, Tim"]
[Result "1/2-1/2"]
[ECO "A21"]
[WhiteElo "2020"]
[BlackElo "2116"]
[Annotator "RC"]
[PlyCount "43"]
[EventDate "2024.11.02"]
[EventType "team-tourn"]
[EventCountry "DEN"]
[SourceTitle "playchess.com"]
[Source "ChessBase"]
[SourceQuality "1"]
[TimeControl "40/5400+30:1800+30"]

1. c4 e5 2. Nc3 Bb4 3. Qc2 Nf6 4. e4 Nc6 5. Nge2 d6 6. a3 Bc5 7. b4 Bb6 8. Nd5 Nd4 9. Nxd4 Bxd4 10. Bb2 Bxb2 11. Nxf6+ Qxf6 12. Qxb2 O-O 13. Be2 Qg6 14. Bf3 Qf6 15. Qc3 c5 16. O-O Qe7 17. Rae1 Qc7 18. Be2 Be6 19. b5 Rae8 20. Bf3 Kh8 21. h3 Qe7 22. Bg4 1/2-1/2